Map: Efflorescence LE

Players

JUSTICIERO

  • Race: Zerg Zerg
  • League: Gold
  • Spawn Location: 3:00

DonMClean

  • Race: Terran Terran
  • League: Diamond
  • Spawn Location: 12:00

OpuS - Winner!

  • Race: Protoss Protoss
  • League: Platinum
  • Spawn Location: 6:00

Sketchaphone - Winner!

  • Race: Zerg Zerg
  • League: Platinum
  • Spawn Location: 9:00

VOD

Have the link to the VOD?

Description

Time

  • Played on: Feb. 15, 2019, 8:31 p.m.
  • Length: 21:00
Show
View Real Time Build Order
Export as new Build Order

JUSTICIERO Zerg 

Build Orders: Hatch First, Lurkers 

Get SALT Encoding   

  12  0:11  Drone  
  12  0:12  Drone  
  14  0:16  Extractor  
  13  0:26  Drone  
  14  0:32  Extractor  
  13  0:57  Hatchery  
  12  1:06  Spawning Pool  
  11  1:35  Drone  
  11  1:36  Drone x2  
  14  2:05  Overlord x2  
  14  2:16  Drone  
  14  2:22  Drone  
  16  2:23  Spine Crawler  
  15  2:38  Queen  
  15  2:42  Drone  
  18  3:19  Drone x3  
  21  3:31  Drone  
  21  3:33  Drone x3  
  25  3:37  Queen  
  27  3:44  Drone  
  27  3:47  Drone  
  29  4:06  Drone x3  
  29  4:08  Zergling x2  
  33  4:10  Lair  
  33  4:27  Metabolic Boost  
  33  4:32  Roach Warren  
  32  4:39  Drone x3  
  35  4:46  Zergling x2  
  35  4:48  Overlord  
  36  4:57  Hatchery  
  35  5:06  Drone  
  36  5:10  Evolution Chamber  
  36  5:11  Evolution Chamber, Drone x2  
  36  5:12  Drone  
  36  5:13  Drone x2  
  39  5:16  Glial Reconstitution  
  39  5:17  Extractor  
  38  5:22  Burrow  
  38  5:40  Spore Crawler  
  38  5:42  Zerg Missile Weapons Level 1  
  37  5:43  Zerg Ground Armor Level 1  
  37  5:52  Overseer  
  37  6:04  Drone  
  37  6:05  Drone x2  
  37  6:06  Drone x3, Extractor  
  42  6:15  Hydralisk Den  
  42  6:17  Zergling x2  
  40  6:23  Roach  
  42  6:34  Roach  
  44  6:43  Overlord x2  
  44  7:05  Roach  
  44  7:06  Roach x2  
  44  7:07  Roach x4  
  58  7:16  Hatchery  
  57  7:37  Roach  
  57  7:39  Muscular Augments  
  57  7:40  Tunneling Claws  
  59  7:47  Nydus Network  
  59  7:50  Lurker Den  
  59  7:51  Zerg Missile Weapons Level 2  
  57  7:52  Zerg Ground Armor Level 2  
  57  7:54  Roach  
  57  7:56  Overlord x2  
  59  8:01  Drone  
  60  8:13  Hydralisk  
  60  8:15  Hydralisk  
  60  8:19  Queen  
  65  8:44  Queen, Hydralisk x2  
  65  8:45  Hydralisk  
  65  8:46  Hydralisk  
  65  8:47  Hydralisk x3  
  81  9:01  Drone  
  82  9:09  Grooved Spines  
  82  9:10  Overlord  
  82  9:11  Overlord  
  82  9:24  Overlord x3  
  82  9:35  Extractor  
  81  9:45  Lurker x4  
  86  9:46  Lurker  
  86  9:50  Roach x2  
  90  9:53  Roach  
  92  10:18  Drone x3  
  95  10:39  Infestation Pit  
  94  10:44  Overseer  
  94  10:50  Hydralisk x3  
  94  10:52  Roach  
  94  10:53  Roach x2  
  94  10:54  Roach x5  
  94  10:55  Roach  
  118  11:06  Drone  
  119  11:29  Drone  
  119  11:30  Drone x2  
  122  11:43  Drone  
  122  11:52  Overlord  
  122  11:53  Overlord x2  
  122  11:57  Hatchery  
  121  12:03  Spire  
  121  12:04  Hive  
  121  12:05  Spire  
  94  12:32  Hydralisk x5  
  94  12:33  Hydralisk  
  76  12:54  Roach x2  
  78  13:00  Roach x3  
  84  13:09  Hatchery  
  63  13:27  Greater Spire  
  63  13:33  Ultralisk Cavern  
  62  13:47  Drone  
  62  13:48  Drone x2, Extractor  
  65  13:49  Drone x6  
  65  13:54  Hydralisk  
  65  13:55  Hydralisk x4  
  80  14:10  Spine Crawler  
  80  14:11  Spore Crawler  
  80  14:12  Spine Crawler, Drone x2  
  80  14:13  Spine Crawler  
  78  14:28  Zerg Missile Weapons Level 3  
  78  14:29  Zerg Ground Armor Level 3  
  78  14:33  Evolution Chamber  
  78  14:34  Drone  
  78  14:35  Drone  
  78  14:38  Roach x2  
  81  14:40  Roach x3  
  89  15:00  Lurker x2  
  91  15:07  Corruptor x3  
  91  15:08  Corruptor  
  88  15:53  Corruptor x3  
  88  15:55  Zerg Flyer Weapons Level 1  
  88  15:56  Zerg Flyer Armor Level 1  
  92  16:17  Hydralisk x3  
  95  16:30  Brood Lord x3  
  94  16:39  Drone  
  93  16:40  Drone x2  
  93  16:46  Brood Lord  
  92  16:57  Zerg Melee Weapons Level 1  
  92  16:58  Drone  
  93  17:10  Hydralisk  
  95  17:45  Drone  
  95  17:46  Overseer, Drone x2  
  95  17:48  Hydralisk x3  
  95  17:49  Hydralisk  
  100  18:11  Hatchery  
  99  18:35  Hatchery  
  49  19:14  Hatchery  
  48  19:25  Hydralisk x3  
  48  19:28  Ultralisk  
  60  19:46  Hatchery  
  60  19:47  Pneumatized Carapace  
  60  19:52  Hydralisk  
  59  19:53  Hydralisk  
  63  20:02  Hydralisk x3  
  50  20:29  Hydralisk  
  50  20:33  Hydralisk x2  
Show
View Real Time Build Order
Export as new Build Order

DonMClean Terran 

Build Orders: Hellion Banshee 

Get SALT Encoding   

  12  0:01  SCV  
  13  0:13  SCV  
  14  0:19  Supply Depot  
  14  0:25  SCV  
  15  0:40  SCV  
  15  0:41  Barracks  
  16  0:47  Refinery  
  16  0:52  SCV  
  17  1:04  SCV  
  18  1:16  SCV  
  19  1:31  Orbital Command  
  19  1:40  Command Center  
  19  1:44  Marine  
  20  1:54  Factory  
  20  1:59  SCV  
  21  2:11  SCV  
  21  2:12  Refinery  
  22  2:17  Supply Depot  
  22  2:21  Barracks Reactor  
  22  2:30  SCV  
  23  2:42  Starport, SCV  
  24  2:54  Orbital Command, SCV  
  25  3:04  Barracks Tech Lab  
  25  3:07  SCV  
  25  3:09  Hellion x2  
  30  3:22  Factory  
  30  3:32  SCV  
  31  3:35  Barracks Tech Lab  
  31  3:36  SCV  
  31  3:39  Cloaking Field  
  32  3:44  SCV  
  32  3:45  Refinery  
  32  3:48  SCV  
  34  3:50  Supply Depot  
  34  3:53  Hellion x2  
  38  3:55  Banshee  
  38  3:56  SCV  
  38  4:00  SCV  
  43  4:08  SCV  
  44  4:21  Barracks Reactor, SCV x2  
  46  4:29  Refinery  
  46  4:32  Supply Depot  
  46  4:33  SCV x2  
  46  4:35  Hellion x2  
  52  4:45  SCV x2  
  54  4:46  Engineering Bay  
  54  4:48  Supply Depot  
  54  4:54  Banshee  
  54  4:55  Supply Depot  
  54  4:57  SCV x2  
  59  5:04  Hellion  
  61  5:09  SCV  
  61  5:10  Hellion, SCV  
  61  5:11  Cyclone  
  68  5:21  SCV, Supply Depot  
  68  5:22  SCV  
  70  5:36  Banshee  
  70  5:40  Fusion Core  
  70  5:41  SCV x2  
  75  5:58  Command Center  
  75  6:09  Hellion  
  75  6:10  Starport, Hellion, Cyclone  
  82  6:19  Banshee  
  85  6:34  Marine  
  86  7:09  Marine  
  86  7:10  Hellion, Siege Tank  
  78  7:30  Hellion  
  60  7:40  Orbital Command  
  60  7:41  SCV x2  
  60  7:47  Starport Tech Lab  
  60  7:50  Battlecruiser  
  66  7:53  SCV x2  
  66  7:55  Starport  
  68  7:59  Hellion x2  
  72  8:05  SCV  
  72  8:10  Cyclone  
  72  8:11  SCV x2  
  75  8:17  Battlecruiser, SCV  
  82  8:23  SCV  
  82  8:24  SCV  
  82  8:25  Armory x2  
  79  8:45  Supply Depot  
  75  9:01  Command Center  
  78  9:10  Weapon Refit  
  75  9:14  Starport Reactor  
  75  9:19  Starport Tech Lab  
  75  9:21  Battlecruiser  
  81  9:26  Supply Depot  
  81  9:32  Supply Depot  
  81  9:36  SCV x2  
  83  9:39  Battlecruiser  
  89  9:48  Battlecruiser, SCV x2  
  89  9:49  Supply Depot  
  89  9:52  Cyclone  
  100  9:53  Hellion  
  100  9:54  Hellion, Supply Depot  
  100  9:56  Command Center  
  100  9:58  Supply Depot  
  102  10:16  Supply Depot  
  102  10:21  Supply Depot  
  102  10:25  Orbital Command  
  102  10:32  Battlecruiser  
  108  10:40  SCV x2, Supply Depot  
  110  10:44  Refinery, Supply Depot  
  110  10:46  Refinery  
  110  10:51  Battlecruiser  
  110  10:52  SCV x2  
  110  10:53  Hellion x2  
  110  10:55  Hellion  
  124  10:59  Battlecruiser  
  129  11:04  SCV  
  131  11:11  SCV x2  
  131  11:14  Hellion  
  131  11:16  SCV  
  131  11:17  Command Center  
  135  11:23  SCV x2, Supply Depot  
  137  11:29  SCV  
  138  11:35  SCV x2  
  138  11:39  Hellion x2  
  147  11:40  Cyclone  
  147  11:41  Battlecruiser, SCV  
  147  11:45  Supply Depot  
  154  11:55  Terran Ship Weapons Level 1  
  154  11:56  Refinery, Terran Vehicle And Ship Armor Level 1  
  154  11:58  Refinery  
  154  12:00  SCV x3  
  157  12:05  Hellion  
  157  12:06  Hellion  
  157  12:07  Supply Depot  
  161  12:11  Battlecruiser  
  154  12:50  Battlecruiser x2  
  156  12:55  Hellion x2  
  156  12:56  Cyclone  
  163  12:59  Orbital Command  
  163  13:10  SCV  
  163  13:11  SCV x2  
  166  13:15  Battlecruiser  
  172  13:29  Hellion  
  172  13:30  Cyclone  
  177  13:47  Command Center  
  177  13:51  Starport  
  177  13:54  Battlecruiser x2  
  179  14:19  Battlecruiser  
  185  14:29  Hellion x2, Cyclone  
  192  14:35  Terran Vehicle And Ship Armor Level 2  
  192  14:36  Terran Ship Weapons Level 2  
  192  14:39  Starport Tech Lab  
  192  14:58  Battlecruiser  
  196  15:22  Hellion x2  
  116  15:59  Hellion x2  
  116  16:00  Cyclone  
  100  16:14  Battlecruiser x3  
  100  16:18  Battlecruiser  
  123  16:27  SCV  
  124  16:39  SCV  
  108  16:51  SCV  
  97  16:56  Hellion, Cyclone  
  90  17:18  Battlecruiser x3  
  108  17:26  Factory x2  
  108  17:29  Factory x2  
  108  17:35  Starport  
  108  17:37  Starport  
  108  17:56  Command Center  
  108  18:28  Starport Tech Lab  
  108  18:30  Factory Tech Lab  
  108  18:31  Factory Tech Lab, Factory Reactor, Starport Tech Lab  
  108  18:33  Refinery  
  108  18:36  Refinery  
  95  19:40  Hellion x6  
  95  19:41  Hellion, Cyclone  
  98  19:57  SCV x3  
  96  20:00  Orbital Command  
  96  20:01  Cyclone  
  96  20:02  Cyclone  
  96  20:05  Command Center  
  98  20:09  SCV x2  
  117  20:17  SCV  
  118  20:21  Cyclone, SCV x2  
  118  20:22  Hellion  
  118  20:23  Hellion  
  117  20:29  SCV  
Show
View Real Time Build Order
Export as new Build Order

OpuS Protoss - Winner!

Build Orders:  

Get SALT Encoding   

  12  0:01  Probe  
  13  0:13  Probe  
  14  0:23  Pylon  
  14  0:25  Probe  
  15  0:43  Gateway  
  15  0:46  Probe  
  16  0:51  Assimilator  
  16  0:54  Probe  
  16  0:55  Assimilator  
  17  1:08  Probe  
  17  1:09  Gateway  
  17  1:16  Probe  
  18  1:24  Probe  
  20  1:35  Probe  
  20  1:38  Cybernetics Core  
  21  1:47  Probe  
  21  1:48  Pylon  
  22  1:59  Probe  
  23  2:14  Warp Gate  
  23  2:15  Stalker x2  
  27  2:42  Nexus  
  27  2:50  Pylon  
  27  2:58  Stalker  
  29  3:04  Stalker  
  31  3:09  Probe  
  32  3:15  Pylon  
  32  3:25  Robotics Facility  
  32  3:28  Probe  
  33  3:39  Gateway  
  33  3:50  Stalker  
  33  3:53  Stalker  
  37  3:56  Probe  
  37  3:59  Probe  
  39  4:18  Probe x2  
  39  4:22  Immortal  
  45  4:31  Gateway  
  45  4:36  Zealot  
  47  4:40  Zealot  
  47  4:44  Probe  
  50  4:45  Probe  
  50  4:50  Pylon  
  51  4:55  Sentry  
  51  4:57  Sentry  
  55  5:01  Sentry  
  55  5:02  Immortal  
  61  5:15  Pylon  
  61  5:16  Probe  
  62  5:30  Zealot x3  
  62  5:35  Zealot  
  69  5:43  Probe x2  
  71  5:50  Robotics Bay  
  71  5:55  Probe  
  71  5:56  Probe  
  73  6:06  Gateway  
  73  6:07  Probe  
  73  6:08  Probe, Gateway  
  73  6:29  Observer  
  73  6:30  Stalker  
  72  6:35  Pylon  
  72  6:38  Assimilator  
  68  6:42  Gateway  
  68  6:43  Assimilator  
  68  6:46  Gateway  
  68  6:50  Observer  
  61  6:54  Stalker x2  
  61  6:57  Zealot x2  
  59  7:10  Zealot x2  
  63  7:18  Stalker  
  63  7:19  Stalker x3  
  71  7:43  Probe x2  
  73  7:47  Twilight Council  
  73  7:50  Zealot x2  
  73  7:51  Zealot x4  
  81  7:55  Probe  
  86  8:00  Pylon  
  86  8:02  Pylon  
  86  8:04  Pylon  
  86  8:18  Probe  
  86  8:19  Probe  
  88  8:22  Pylon  
  88  8:31  Probe x2  
  86  8:43  Probe x2  
  84  8:55  Blink  
  80  8:58  Extended Thermal Lance  
  80  9:00  Stalker, Immortal  
  80  9:01  Stalker x4  
  92  9:18  Stargate  
  92  9:22  Forge  
  92  9:39  Immortal  
  96  9:51  Zealot x3  
  96  9:52  Zealot x2  
  106  9:59  Pylon  
  106  10:01  Pylon  
  106  10:06  Protoss Ground Weapons Level 1  
  106  10:10  Phoenix  
  108  10:19  Observer  
  109  10:26  Zealot x2  
  109  10:27  Zealot x2  
  117  10:40  Observer  
  118  10:56  Charge  
  118  10:57  Nexus  
  118  11:15  Pylon  
  118  11:18  Pylon  
  118  11:22  Stargate  
  118  11:23  Void Ray  
  122  11:27  Assimilator  
  122  11:34  Assimilator  
  122  11:38  Pylon  
  126  11:40  Immortal  
  126  11:45  Zealot  
  126  11:46  Zealot  
  128  12:06  Void Ray  
  132  12:10  Stargate  
  132  12:12  Stargate  
  70  12:41  Void Ray  
  68  12:45  Stalker x5  
  68  12:50  Probe  
  74  12:56  Void Ray  
  74  13:03  Probe x3  
  77  13:12  Protoss Ground Weapons Level 2  
  77  13:16  Forge  
  77  13:22  Stalker x2  
  77  13:24  Probe  
  77  13:26  Probe  
  83  13:35  Probe  
  83  13:36  Probe  
  85  13:46  Stalker x3  
  91  13:51  Templar Archives  
  91  13:54  Protoss Ground Armor Level 1  
  90  14:11  Probe  
  90  14:12  Probe x2  
  93  14:27  Zealot x3  
  93  14:28  Zealot x5  
  109  14:48  Nexus, Observer  
  110  14:54  Pylon  
  110  15:09  Pylon, Observer  
  110  15:11  Pylon  
  111  15:19  Forge  
  111  15:21  Psionic Storm  
  111  15:23  Void Ray x2  
  119  15:31  Observer  
  109  15:55  Stalker x6  
  109  15:56  Stalker  
  121  15:58  Probe  
  121  16:01  Probe  
  121  16:02  Probe x2  
  121  16:22  Zealot x3  
  121  16:23  Zealot x3  
  133  16:35  Void Ray  
  133  16:38  Void Ray  
  117  17:00  Probe x4  
  115  17:08  Protoss Ground Weapons Level 3, Protoss Ground Armor Level 2  
  115  17:09  Protoss Shields Level 1  
  115  17:11  High Templar x5  
  115  17:12  High Templar x2  
  129  17:25  High Templar  
  131  17:42  Gateway  
  131  17:44  Gateway  
  131  17:45  Zealot  
  131  17:46  Zealot x3  
  131  17:47  Gateway  
  131  17:49  Zealot x2  
  131  17:50  Gateway  
  143  17:53  Zealot  
  145  18:01  Assimilator  
  145  18:05  Assimilator  
  145  18:12  High Templar  
  147  18:13  High Templar, Zealot x4  
  147  18:14  Zealot  
  147  18:15  High Templar  
  135  19:01  Archon x2  
  135  19:02  Archon x2  
  129  19:09  Void Ray x4  
  94  19:25  Zealot x3  
  94  19:26  Nexus, Zealot x5  
  94  19:27  Zealot x4  
  118  19:52  Void Ray  
  122  20:04  Void Ray x2  
  122  20:05  Void Ray  
  126  20:08  Pylon  
  126  20:11  Pylon  
  123  20:14  Observer, Assimilator  
  123  20:20  Assimilator  
  123  20:41  Stargate  
  125  20:43  Probe x5, Stargate  
  125  20:46  Cybernetics Core  
  122  20:56  Zealot x2  
  124  20:57  Zealot x5  
  124  20:58  Zealot  
Show
View Real Time Build Order
Export as new Build Order

Sketchaphone Zerg - Winner!

Build Orders: Hatch First, Lurkers 

Get SALT Encoding   

  12  0:01  Drone  
  13  0:12  Overlord  
  13  0:18  Drone  
  14  0:30  Drone x2  
  14  0:34  Drone  
  17  0:58  Hatchery  
  17  1:00  Drone  
  17  1:02  Extractor  
  17  1:04  Drone  
  17  1:16  Drone  
  18  1:24  Spawning Pool  
  17  1:29  Drone  
  18  1:39  Drone  
  19  1:40  Drone  
  20  1:53  Overlord  
  20  2:03  Drone  
  21  2:14  Metabolic Boost  
  21  2:15  Queen  
  23  2:16  Queen  
  25  2:27  Drone  
  25  2:28  Drone  
  25  2:29  Drone  
  27  2:33  Overlord  
  27  2:43  Drone  
  28  2:46  Drone  
  28  2:51  Pneumatized Carapace  
  29  2:59  Queen  
  29  3:03  Drone  
  29  3:04  Zergling x2  
  29  3:05  Drone  
  34  3:07  Drone  
  34  3:12  Overlord  
  35  3:27  Overlord  
  35  3:29  Overlord  
  35  3:32  Drone x4  
  39  3:43  Spine Crawler  
  39  3:46  Queen  
  39  3:47  Drone  
  41  3:57  Drone x4  
  41  3:58  Overlord  
  45  4:18  Zergling x10  
  45  4:19  Zergling x6  
  45  4:22  Evolution Chamber  
  52  4:24  Lair  
  52  4:26  Zergling x2  
  53  4:41  Drone x5, Extractor  
  57  4:47  Zergling x2  
  57  4:50  Overlord  
  58  4:58  Zerg Ground Armor Level 1  
  58  5:00  Hatchery  
  58  5:01  Drone x3  
  58  5:04  Zergling x2  
  61  5:07  Drone  
  61  5:10  Overlord  
  61  5:12  Overlord  
  62  5:26  Zergling x8  
  66  5:32  Hydralisk Den  
  66  5:33  Queen  
  67  5:37  Spore Crawler  
  65  5:45  Drone x5, Extractor  
  65  5:47  Extractor  
  68  5:52  Overlord  
  68  5:55  Overlord  
  68  5:57  Drone  
  68  6:08  Zergling x8  
  67  6:26  Hatchery  
  61  6:36  Overseer  
  61  6:38  Queen  
  61  6:39  Drone  
  64  6:40  Drone x2  
  64  6:43  Grooved Spines  
  65  6:47  Evolution Chamber  
  65  6:50  Spore Crawler  
  65  6:52  Zergling x22, Zerg Missile Weapons Level 1  
  74  7:05  Hydralisk x3  
  74  7:06  Hydralisk  
  55  7:41  Drone x15  
  70  7:55  Drone x3  
  73  8:00  Queen  
  73  8:03  Drone x3  
  78  8:10  Extractor  
  78  8:11  Muscular Augments  
  78  8:12  Extractor  
  76  8:15  Hydralisk x2  
  76  8:18  Lurker Den  
  79  8:25  Queen  
  81  8:33  Zergling x18  
  90  8:45  Lurker Den  
  89  8:59  Zerg Missile Weapons Level 2  
  89  9:01  Zerg Ground Armor Level 2, Roach Warren  
  88  9:04  Queen  
  88  9:09  Queen  
  90  9:10  Queen  
  94  9:18  Overlord  
  94  9:19  Spire  
  94  9:23  Burrow  
  94  9:24  Evolution Chamber, Drone x5  
  94  9:26  Drone  
  94  9:29  Zergling x2  
  99  9:33  Hydralisk x2  
  103  9:45  Queen, Lurker x4  
  108  10:08  Hydralisk x4  
  108  10:09  Hydralisk x6  
  126  10:31  Zerg Melee Weapons Level 1  
  126  10:33  Infestation Pit  
  125  10:36  Glial Reconstitution  
  125  10:42  Overlord x2, Drone  
  126  10:43  Overlord  
  126  10:52  Lurker x2  
  126  10:54  Overlord  
  126  10:55  Overlord  
  126  10:56  Overlord  
  128  11:00  Overlord  
  128  11:09  Corruptor x4  
  136  11:22  Hatchery  
  135  11:29  Spore Crawler  
  135  11:30  Corruptor x3  
  135  11:31  Corruptor  
  142  11:35  Hydralisk x3  
  148  11:48  Corruptor x3  
  148  11:51  Hydralisk  
  131  12:45  Hydralisk x2  
  131  12:46  Hydralisk x17  
  160  12:51  Hydralisk  
  160  12:57  Hydralisk  
  160  12:58  Hydralisk x2  
  165  13:10  Zerg Flyer Armor Level 1  
  165  13:11  Hive  
  161  13:23  Lurker x2  
  161  13:24  Lurker  
  161  13:26  Zerg Melee Weapons Level 2  
  164  13:35  Overlord  
  164  13:36  Corruptor x2  
  164  13:41  Drone x11  
  179  13:42  Extractor x2  
  177  14:07  Corruptor x5  
  181  14:14  Zergling x4  
  181  14:15  Zergling x2  
  181  14:23  Overlord x2  
  181  14:36  Overlord x2  
  178  14:56  Overseer  
  178  14:57  Overseer  
  178  15:02  Zergling x38  
  178  15:05  Overlord  
  156  15:37  Zerg Flyer Armor Level 2  
  156  15:40  Zergling x24  
  123  15:52  Corruptor  
  111  15:57  Corruptor x3  
  111  16:01  Queen  
  111  16:03  Corruptor x7  
  124  16:14  Adrenal Glands, Zerg Melee Weapons Level 3  
  124  16:15  Zerg Ground Armor Level 3  
  122  16:24  Corruptor x2  
  123  16:26  Zergling x4  
  123  16:30  Zergling x8  
  120  16:58  Zergling x30  
  123  17:15  Zerg Missile Weapons Level 3  
  123  17:16  Ultralisk Cavern  
  115  17:27  Hydralisk  
  115  17:28  Hydralisk x11  
  138  17:35  Lurker  
  136  17:42  Hydralisk x5  
  136  17:49  Hydralisk x3  
  142  17:55  Lurker x2  
  142  17:56  Zergling x2  
  145  18:01  Lurker  
  143  18:35  Corruptor x10  
  150  19:01  Corruptor x5  
  147  19:03  Zergling x16  
  145  19:19  Zergling x22  
  145  19:21  Extractor  
  155  19:39  Extractor  
  155  19:41  Ultralisk x2  
  165  20:06  Overlord x2  
  159  20:31  Zergling x26  
  159  20:32  Zergling x12  
Tags
 
Add a new tag
Caveats
  • Supply blocks, unpowered buildings, or Contaminate may cause inaccurate times.
  • Supply counts are checked every 10 seconds.